 Dungeon Crawl Stone Soup version 0.30-a0-462-gd5975efbca (webtiles) character file.

Game seed: 4513961858389101822

102 Mitcholas the Chopper (level 4, -4/41 HPs)
             Began as a Hill Orc Monk on Dec 16, 2022.
             Was a Believer of Beogh.
             Slain by an orc warrior
             ... wielding a +0 long sword
              (7 damage)
             ... on level 3 of the Dungeon.
             The game lasted 00:05:43 (2374 turns).

Mitcholas the Chopper (Hill Orc Monk)               Turns: 2374, Time: 00:05:43

Health: -4/41      AC:  7    Str: 15    XL:     4   Next: 78%
Magic:  4/4        EV: 10    Int: 10    God:    Beogh [**....]
Gold:   144        SH:  0    Dex: 13    Spells: 3/3 levels left

rFire   . . .      SeeInvis .    j - +0 war axe
rCold   . . .      Faith    .    (no shield)
rNeg    . . .      Spirit   .    p - +0 scale mail
rPois   .          Reflect  .    (no helmet)
rElec   .          Harm     .    n - +0 cloak
rCorr   .          Rampage  .    (no gloves)
Will    +....                    (no boots)
Stlth   ..........               (no amulet)
HPRegen 0.26/turn                i - ring of willpower
MPRegen 0.09/turn                (no ring)

@: no status effects
A: no striking features
a: Renounce Religion, Smiting


You were on level 3 of the Dungeon.
You worshipped Beogh.
Beogh was pleased with you.
You visited 1 branch of the dungeon, and saw 4 of its levels.

You collected 144 gold pieces.

Inventory:

Hand Weapons
 j - a +0 war axe (weapon)
Armour
 n - a +0 cloak (worn)
 p - a +0 scale mail (worn)
Jewellery
 i - a ring of willpower (left hand)
Scrolls
 b - a scroll of identify {unknown}
 d - a scroll of noise {unknown}
 e - a scroll of immolation {unknown}
 f - a scroll of acquirement {unknown}
 g - 2 scrolls of amnesia {unknown}
 l - a scroll of enchant weapon {unknown}
 m - a scroll of teleportation {unknown}
 q - a scroll of blinking {unknown}
 r - a scroll of fear {unknown}
 s - a scroll of vulnerability {unknown}
 t - a scroll of magic mapping {unknown}
Potions
 a - a potion of lignification {unknown}
 c - a potion of ambrosia
 h - 5 potions of curing {unknown}
 k - a potion of degeneration {unknown}
 o - 2 potions of heal wounds {unknown}


   Skills:
 + Level 4.4 Fighting
 * Level 5.7 Axes
 + Level 1.9 Armour
 - Level 2.4 Dodging
 - Level 1.5 Stealth
 + Level 0.8 Invocations


You had 3 spell levels left.
You didn't know any spells.
Your spell library contained the following spells:

 Spells                   Type           Power      Damage    Failure   Level
 Ensorcelled Hibernation  Hex/Ice        0%         N/A       92%         2
 Passwall                 Tmut/Erth      0%         N/A       92%         2
 Swiftness                Air            0%         N/A       99%         3


Dungeon Overview and Level Annotations

Branches:
Dungeon (4/15)
 Temple: D:4-7

Altars:
Uskayaw

Shops:
D:2 =


Message History

The orc hits you but does no damage.
The giant cockroach waves its antennae.
The orc wizard casts a spell.
The orc wizard flickers and vanishes!
The giant cockroach attacks as you move away!
The giant cockroach closely misses you.
The giant cockroach bites you but does no damage.
There is a stone staircase leading up here.
The giant cockroach bites you. The orc warrior closely misses you.
You climb upwards.
Reactivating autopickup.
There is a stone staircase leading down here.
Okay, then.
You slash the giant cockroach!
You kill the giant cockroach!
Beogh accepts your kill.
You hit the orc warrior.
The orc warrior hits you with a +0 long sword!
Okay, then.
The orc warrior attacks as you move away!
The orc warrior hits you with a +0 long sword.
The orc warrior attacks as you move away!
The orc warrior closely misses you.
The orc warrior attacks as you move away!
The orc warrior hits you with a +0 long sword!
* * * LOW HITPOINT WARNING * * *
The orc warrior attacks as you move away!
The orc warrior closely misses you.
The orc warrior attacks as you move away!
The orc warrior barely misses you.
The orc warrior attacks as you move away!
The orc warrior hits you with a +0 long sword!
* * * LOW HITPOINT WARNING * * *
The orc warrior attacks as you move away!
The orc warrior hits you with a +0 long sword.
* * * LOW HITPOINT WARNING * * *
The orc warrior attacks as you move away!
The orc warrior hits you with a +0 long sword!
You die...
Beogh appreciates the orc warrior's killing of a heretic priest.

#..# #..#........#.##...#..#....
#..# #.##.....##....###...##....
#..# #.##.....###(..####.....#..
##.###.##.....# ###..........<..
#..##.##.....######........#...
###..##.##.....#.....^...........
......#..........#####.##........
........##.....#####.............
......#.###.##..@o...............
.)......# #.##...................
.......## #.##...........###.....
...(...####.#####.###...## #.....
...)...##...# ##.###.### #.....
......###.### ##..#...# ###...
......#...# #.....### #..#
####..#.### ##..#### ##.. #..#.#
#...# ###


You could see an orc warrior.

Vanquished Creatures
  4 adders
  2 worms
  2 dart slugs
  An orc (D:4)
  3 ball pythons
  3 endoplasms
  3 giant cockroaches
  4 goblins
  6 hobgoblins
  2 jackals (D:1)
  4 quokkas
  3 bats
  A frilled lizard (D:2)
  9 kobolds
  3 rats
50 creatures vanquished.

Notes
Turn   | Place    | Note
-------+----------+-------------------------------------------
     0 | D:1      | Mitcholas the Hill Orc Monk began the quest for the Orb.
     0 | D:1      | Reached XP level 1. HP: 19/19 MP: 1/1
   108 | D:1      | Reached XP level 2. HP: 24/27 MP: 2/2
   258 | D:1      | Reached skill level 1 in Armour
   470 | D:1      | Reached XP level 3. HP: 24/33 MP: 3/3
   835 | D:1      | Found a hide-covered altar of Uskayaw.
   903 | D:1      | Reached skill level 5 in Axes
   988 | D:2      | Found Kuorel's Jewellery Emporium.
  1164 | D:2      | Became a worshipper of Beogh the Brigand
  1164 | D:2      | Reached * piety under Beogh
  1164 | D:2      | Reached ** piety under Beogh
  1785 | D:3      | Reached XP level 4. HP: 41/41 MP: 4/4
  2334 | D:4      | Noticed an orc warrior
  2367 | D:3      | HP: 1/41 [orc warrior/+0 long sword (3)]
  2374 | D:3      | Slain by an orc warrior

Illustrated notes

Levels and vault maps discovered:
D:1:      dpeg_arrival_lava_altar, layout_loops_cross, minmay_tromino_v4_b
D:2:      layout_rooms, serial_shops, nicolae_shop_advertising_works
          [nicolae_subvault_shop_adworks], hangedman_decor_slide_cut,
          grunt_decor_fettered, kennysheep_pointless_box,
          hangedman_decor_clover_reticule, minmay_fountain_box
D:3:      layout_rooms
D:4:      layout_cave_pools, uniq_duvessa

Skill      XL: |  1  2  3 |
---------------+----------+-----
Armour         | 1 |  1.9
Fighting       | 4 |  4.4
Axes           | 5 |  5.7
Dodging        | |  2.4
Stealth        | |  1.5
Invocations    | |  0.8

Action                   |  1- 3 |  4- 6 || total
-------------------------+-------+-------++-------
Melee: Hand axe          |    79 |       ||    79
       Punch             |     2 |     1 ||     3
       War axe           |    53 |    69 ||   122
Invok: Convert to Beogh  |     1 |       ||     1
Armor: Ring mail         |    59 |     2 ||    61
       Scale mail        |       |    34 ||    34
Dodge: Dodged            |    79 |    66 ||   145

Table legend: (Time is in decaauts)
 A = Elapsed time spent in this place.
 B = Non-inter-level travel time spent in this place.
 C = Inter-level travel time spent in this place.
 D = Time resting spent in this place.
 E = Time spent auto-exploring this place.
 F = Levels seen in this place.
 G = Mean time per level.
                   A        B        C        D        E       F      G
               +--------+--------+--------+--------+--------+-----+--------+
         Total |   2409 |   2298 |    111 |    216 |   1507 |   4 |  602.2 |
       Dungeon |   2409 |   2298 |    111 |    216 |   1507 |   4 |  602.2 |
               +--------+--------+--------+--------+--------+-----+--------+

Top non-repeatable levels by time:
     D:1: 938 daAuts
     D:2: 826 daAuts
     D:3: 547 daAuts
     D:4: 96 daAuts
